 Dungeon Crawl Stone Soup version 0.30-a0-726-gd89dcf765f (webtiles) character file.

Game seed: 10301923383273107736

164 Bnni the Shooter (level 5, -4/41 HPs)
             Began as a Formicid Hunter on Jan 29, 2023.
             Slain by a gnoll
             ... wielding a +0 halberd
              (15 damage)
             ... on level 3 of the Dungeon.
             The game lasted 00:01:37 (1701 turns).

Bnni the Shooter (Formicid Hunter)                  Turns: 1701, Time: 00:01:37

Health: -4/41      AC:  3    Str: 16    XL:     5   Next: 73%
Magic:  5/5        EV: 12    Int:  8    God:
Gold:   95         SH:  0    Dex: 19    Spells: 4/4 levels left

rFire   . . .      SeeInvis +    a - +0 shortbow
rCold   + . .      Faith    .    (no shield)
rNeg    . . .      Spirit   .    c - +0 leather armour
rPois   .          Reflect  .    (helmet unavailable)
rElec   .          Harm     .    (no cloak)
rCorr   .          Rampage  .    (no gloves)
Will    .....                    (no boots)
Stlth   ++                       (no amulet)
HPRegen 0.26/turn                p - ring of protection from cold
MPRegen 0.09/turn                g - ring of wizardry

@: no status effects
A: permanent stasis, dig shafts and tunnels, antennae 3, four strong arms
a: Dig, Shaft Self


You were on level 3 of the Dungeon.
You visited 1 branch of the dungeon, and saw 3 of its levels.

You collected 95 gold pieces.

Inventory:

Hand Weapons
 a - a +0 shortbow (weapon)
Armour
 c - a +0 leather armour (worn)
 r - an orb of mayhem
Jewellery
 g - a ring of wizardry (right hand)
 p - a ring of protection from cold (left hand)
Wands
 u - a wand of digging (6)
Scrolls
 b - a scroll of immolation
 d - 2 scrolls of teleportation {unknown}
 f - a scroll of acquirement {unknown}
 h - 2 scrolls of enchant weapon {unknown}
 i - 2 scrolls of identify {unknown}
 m - a scroll of vulnerability {unknown}
 o - 2 scrolls of fear {unknown}
 s - a scroll of noise {unknown}
Potions
 e - a potion of magic {unknown}
 j - 3 potions of mutation {unknown}
 k - a potion of lignification {unknown}
 l - a potion of flight {unknown}
 n - a potion of attraction {unknown}
 t - a potion of resistance {unknown}


   Skills:
 + Level 3.6 Fighting
 * Level 5.6 Ranged Weapons
 + Level 2.4 Dodging
 - Level 1.2 Stealth


You had 4 spell levels left.
You didn't know any spells.
Your spell library contained the following spells:

 Spells                   Type           Power      Damage    Failure   Level
 Apportation              Tloc           0%         N/A       21%         1
 Sublimation of Blood     Necr           0%         N/A       32%         2
 Tukima's Dance           Hex            0%         N/A       52%         3
 Leda's Liquefaction      Hex/Erth       0%         N/A       88%         4
 Passage of Golubria      Tloc           0%         N/A       88%         4
 Petrify                  Tmut/Erth      0%         N/A       88%         4
 Alistair's Intoxication  Tmut/Pois      0%         N/A       99%         5
 Irradiate                Conj/Tmut      0%         3d11      99%         5
 Lee's Rapid Deconstruct  Erth           0%         3d4*      99%         5
 Yara's Violent Unravell  Hex/Tmut       0%         3d3       99%         5
 Statue Form              Tmut/Erth      0%         N/A       100%        6


Dungeon Overview and Level Annotations

Branches:
Dungeon (3/15)

Altars:
Cheibriados
Xom


Innate Abilities, Weirdness & Mutations

You cannot be hasted, slowed, berserked, paralysed or teleported.
You can dig through walls and to a lower floor.
You have a pair of large antennae on your head. (SInv)
Your four strong arms can wield two-handed weapons with a shield.


Message History

Fire: a) +0 shortbow
Press: ? - help, Shift-Dir - straight line, f/p - gnoll
Aim: a gnoll, wielding a +0 flail (moderately wounded, 68% to hit)
You shoot an arrow.
The arrow hits the gnoll but does no damage.
The gnoll is moderately wounded.
Fire: a) +0 shortbow
Press: ? - help, Shift-Dir - straight line, f/p - gnoll
Aim: a gnoll, wielding a +0 flail (moderately wounded, 68% to hit)
You shoot an arrow. The arrow hits the gnoll.
The gnoll is moderately wounded.
Fire: a) +0 shortbow
Press: ? - help, Shift-Dir - straight line, f/p - gnoll
Aim: a gnoll, wielding a +0 flail (moderately wounded, 68% to hit)
You shoot an arrow. The arrow hits the gnoll.
The gnoll is heavily wounded.
The gnoll closely misses you.
Fire: a) +0 shortbow
Press: ? - help, Shift-Dir - straight line, f/p - gnoll
Aim: a gnoll, wielding a +0 flail (heavily wounded, 68% to hit)
You shoot an arrow. The arrow hits the gnoll.
The gnoll is severely wounded.
The gnoll hits you with a +0 flail.
* * * LOW HITPOINT WARNING * * *
Fire: a) +0 shortbow
Press: ? - help, Shift-Dir - straight line, f/p - gnoll
Aim: a gnoll, wielding a +0 flail (severely wounded, 68% to hit)
You shoot an arrow. The arrow barely misses the gnoll.
The arrow hits the gnoll but does no damage.
The gnoll is moderately wounded.
The gnoll misses you. The gnoll closely misses you.
Fire: a) +0 shortbow
Press: ? - help, Shift-Dir - straight line, f/p - gnoll
Aim: a gnoll, wielding a +0 flail (severely wounded, 68% to hit)
You shoot an arrow. The arrow closely misses the gnoll.
The arrow hits the gnoll.
The gnoll is severely wounded.
The gnoll barely misses you.
The gnoll hits you from afar with a +0 halberd!
You die...

##...##
#.#..†.._.........
##'##
#.#.#.......#..... #.#
#.#.#.......#..... #.#
#...##.....##.#...
##.##
###.####.####.#... ###
##...##
#............... ..#
#.....#
###.####.....#.. #.#
##...##########.#
#######..
#.######.)....gg@....#
#..
#g.....).#############
#.. ..######## ### ###
# #


You could see 2 gnolls.

Vanquished Creatures
  An orc priest (D:3)
  An iguana (D:2)
  4 gnolls (D:3)
  2 adders
  A dart slug (D:3)
  5 orcs (D:3)
  4 bats
  3 endoplasms (D:3)
  6 goblins
  4 hobgoblins
  4 jackals (D:3)
  A quokka (D:1)
  4 ball pythons
  A frilled lizard (D:1)
  4 kobolds
  5 rats
50 creatures vanquished.

Notes
Turn   | Place    | Note
-------+----------+-------------------------------------------
     0 | D:1      | Bnni the Formicid Hunter began the quest for the Orb.
     0 | D:1      | Reached XP level 1. HP: 16/16 MP: 1/1
   192 | D:1      | Reached XP level 2. HP: 23/23 MP: 2/2
   767 | D:2      | Reached XP level 3. HP: 9/29 MP: 3/3
   927 | D:2      | Reached XP level 4. HP: 35/35 MP: 4/4
  1110 | D:3      | Reached skill level 5 in Ranged Weapons
  1191 | D:3      | Found a shimmering altar of Xom.
  1201 | D:3      | Reached XP level 5. HP: 41/41 MP: 5/5
  1521 | D:3      | Found a snail-covered altar of Cheibriados.
  1701 | D:3      | Slain by a gnoll

Illustrated notes

Levels and vault maps discovered:
D:1:      psy_arrival_whirlpool, layout_basic
D:2:      layout_basic
D:3:      layout_loops_corners, old_standard_altar,
          mainiacjoe_overflow_concentric_impassable, minmay_crystal_water,
          minmay_diced_spiral

Skill      XL: |  1  2  3  4 |
---------------+-------------+-----
Fighting       | 3 |  3.6
Ranged Weapons | 5 |  5.6
Dodging        | 2 |  2.4
Stealth        | |  1.2

Action                     |  1- 3 |  4- 6 || total
---------------------------+-------+-------++-------
   Fire: Shortbow          |    54 |    99 ||   153
  Throw: Throwing net      |       |     1 ||     1
 Armour: Leather armour    |     3 |    13 ||    16
  Dodge: Dodged            |     7 |    35 ||    42

Table legend: (Time is in decaauts)
 A = Elapsed time spent in this place.
 B = Non-inter-level travel time spent in this place.
 C = Inter-level travel time spent in this place.
 D = Time resting spent in this place.
 E = Time spent auto-exploring this place.
 F = Levels seen in this place.
 G = Mean time per level.
                   A        B        C        D        E       F      G
               +--------+--------+--------+--------+--------+-----+--------+
         Total |   1744 |   1700 |     44 |      0 |   1384 |   3 |  581.3 |
       Dungeon |   1744 |   1700 |     44 |      0 |   1384 |   3 |  581.3 |
               +--------+--------+--------+--------+--------+-----+--------+

Top non-repeatable levels by time:
     D:1: 694 daAuts
     D:3: 627 daAuts
     D:2: 422 daAuts
